 Dungeon Crawl Stone Soup version 0.23.2-30-g0e89c35649 (webtiles) character file.

Game seed: 3324850912285463035

150 redwoodhats the Cudgeler (level 5, 0/33 HPs)
             Began as a Kobold Berserker on June 11, 2019.
             Was a Believer of Trog.
             Slain by a gnoll
             ... wielding a +0 spear
              (6 damage)
             ... on level 2 of the Dungeon.
             The game lasted 00:05:36 (1766 turns).

redwoodhats the Cudgeler (Kobold Berserker)         Turns: 1766, Time: 00:05:37

Health: 0/33       AC:  2    Str: 14 (16) XL:     5   Next: 58%
Magic:  5/5        EV: 16    Int:  9 (10) God:    Trog [**....]
Gold:   78         SH:  0    Dex: 12 (14) Spells: 4/4 levels left

rFire    . . .     SeeInvis .   a - +0 mace
rCold    . . .     Gourm    .   (shield restricted)
rNeg     . . .     Faith    .   b - +0 animal skin
rPois    .         Spirit   .   (no helmet)
rElec    .         Reflect  .   (no cloak)
rCorr    .         Harm     .   (no gloves)
MR       .....     Clarity  +   (no boots)
Stlth    +.........             (no amulet)
HPRegen  0.11/turn              (no ring)
MPRegen  0.09/turn              (no ring)

@: no status effects
A: small, carnivore, clarity, clever 1
a: Berserk, Trog's Hand, Renounce Religion


You were on level 2 of the Dungeon.
You worshipped Trog.
Trog was pleased with you.
You were not hungry.

You visited 1 branch of the dungeon, and saw 2 of its levels.

You collected 78 gold pieces.

Inventory:

Hand Weapons
 a - a +0 mace (weapon)
Missiles
 i - 27 sling bullets
Armour
 b - a +0 animal skin (worn)
Scrolls
 d - a scroll of fog {unknown}
 f - a scroll of noise {unknown}
 g - a scroll of teleportation {unknown}
Potions
 e - a potion of heal wounds


   Skills:
 + Level 4.1 Fighting
 + Level 4.2 Maces & Flails
 + Level 1.7 Armour
 + Level 3.7 Dodging
 + Level 0.5 Stealth


You had 4 spell levels left.
You didn't know any spells.
Your spell library was empty.

Dungeon Overview and Level Annotations

Branches:
Dungeon (2/15)

Altars:


Innate Abilities, Weirdness & Mutations

You are small and have problems with some larger weapons.
You are carnivorous and can eat meat at any time.
You possess an exceptional clarity of mind.
Your mind is acute. (Int +2)


Message History

The gnoll is moderately wounded.
The gnoll hits you with a +0 spear. The gnoll closely misses you.
The gnoll hits you but does no damage.
You hit the gnoll but do no damage.
The gnoll is moderately wounded.
The gnoll closely misses you. The gnoll hits you with a +0 spear.
You hit the gnoll.
The gnoll is severely wounded.
The gnoll hits you from afar with a +0 spear.
The gnoll hits you with a +0 spear.
You hit the gnoll but do no damage.
The gnoll is severely wounded.
The gnoll hits you from afar with a +0 spear.
* * * LOW HITPOINT WARNING * * *
The gnoll closely misses you. x2
You sock the gnoll!
You kill the gnoll!
Trog accepts your kill.
The gnoll hits you from afar with a +0 spear.
You die...

......# #...# ......# #...#
##. ......# #...#######.g
#.....#####...........# #.
..................#...# g..
#.....................#....
#.#.#......................
#†)(#..####...#.###........
.....(.# #.....@)gg.#
.......####...########
.#.######....(..# ...#
#.##.##.# .### #.#...#.# .#
#.#...#.# .# #####.#...#.#
.# ##...#.##.##.# .#
#............##


You could see 2 gnolls.

Vanquished Creatures
  An ogre (D:2)
  A gnoll (D:2)
  An adder (D:2)
  A worm (D:2)
  A dart slug (D:2)
  A leopard gecko (D:2)
  2 giant cockroaches (D:1)
  8 hobgoblins
  2 jackals (D:1)
  5 kobolds
  6 bats
  2 frilled lizards (D:2)
  7 goblins
  4 rats
42 creatures vanquished.

Notes
Turn   | Place    | Note
-------+----------+-------------------------------------------
     0 | D:1      | redwoodhats the Kobold Berserker began the quest for the
                  | Orb.
     0 | D:1      | Reached XP level 1. HP: 14/14 MP: 1/1
   594 | D:1      | Reached XP level 2. HP: 17/19 MP: 2/2
   722 | D:1      | Reached XP level 3. HP: 13/23 MP: 3/3
  1275 | D:2      | Noticed an ogre
  1284 | D:2      | Reached ** piety under Trog
  1290 | D:2      | Killed an ogre
  1290 | D:2      | Reached XP level 4. HP: 18/29 MP: 4/4
  1290 | D:2      | Reached XP level 5. HP: 20/33 MP: 5/5
  1752 | D:2      | Gained mutation: You possess an exceptional clarity of
                  | mind. [potion of mutation]
  1752 | D:2      | Gained mutation: Your mind is acute. (Int +2) [potion of
                  | mutation]
  1766 | D:2      | Slain by a gnoll

Skill      XL: |  1  2  3 |
---------------+----------+-----
Maces & Flails | 3 4 |  4.2
Dodging        | 3 |  3.7
Fighting       | 4 |  4.1
Armour         | |  1.7
Stealth        | |  0.5

Action                   |  1- 3 |  4- 6 || total
-------------------------+-------+-------++-------
Melee: Mace              |    82 |    51 ||   133
Invok: Berserk           |     1 |       ||     1
  Use: Potion            |     5 |     3 ||     8
       Scroll            |     2 |       ||     2
  Eat: Ration            |     1 |       ||     1
       Chunk             |       |     3 ||     3
Armor: Animal skin       |    14 |     9 ||    23
Dodge: Dodged            |    57 |    44 ||   101
